 Dungeon Crawl Stone Soup version 0.28-b1-70-g80dc712255 (webtiles) character file.

Game seed: 1803964312513148531

2879 crazypyro the Chopper (level 9, -2/68 HPs)
             Began as a Demonspawn Fighter on Feb 3, 2022.
             Was a Believer of Okawaru.
             Slain by Erica (8 damage)
             ... on level 8 of the Dungeon.
             The game lasted 00:07:00 (7641 turns).

crazypyro the Chopper (Demonspawn Fighter)          Turns: 7641, Time: 00:07:01

Health: -2/68      AC: 14    Str: 23    XL:     9   Next: 48%
Magic:  9/9        EV:  7    Int: 10    God:    Okawaru [**....]
Gold:   139        SH:  6    Dex: 14    Spells: 8/8 levels left

rFire   . . .      SeeInvis .   l - +2 war axe (flame)
rCold   + . .      Faith    .   c - +1 buckler
rNeg    . . .      Spirit   .   q - +4 chain mail
rPois   .          Reflect  .   (no helmet)
rElec   .          Harm     .   (no cloak)
rCorr   .          Rampage  .   (no gloves)
Will    +....                   (no boots)
Stlth   ..........              t - amulet of the acrobat
HPRegen 0.21/turn               j - ring of protection from cold
MPRegen 0.22/turn               m - ring of willpower

@: no status effects
A: thin skeletal structure 1, magic regeneration, weakness stinger 2, screaming
1, strong 1
a: Renounce Religion, Heroism


You were on level 8 of the Dungeon.
You worshipped Okawaru.
Okawaru was pleased with you.
You visited 2 branches of the dungeon, and saw 9 of its levels.

You collected 191 gold pieces.
You spent 52 gold pieces at shops.

Inventory:

Hand Weapons
 a - a +0 trident
 l - a +2 war axe of flaming (weapon)
 s - a +2 hand axe of freezing
Armour
 b - a +0 scale mail
 c - a +1 buckler (worn)
 h - a +0 chain mail
 q - a +4 chain mail (worn)
Jewellery
 j - a ring of protection from cold (left hand)
 m - a ring of willpower (right hand)
 t - an amulet of the acrobat (around neck)
Wands
 i - a wand of polymorph (12)
 r - a wand of mindburst (11)
Scrolls
 k - a scroll of blinking
 o - a scroll of teleportation {unknown}
 p - a scroll of fog {unknown}
 u - a scroll of amnesia
 v - a scroll of identify
Potions
 d - a potion of might
 e - a potion of curing
 f - 2 potions of ambrosia
 g - 2 potions of resistance
 n - a potion of brilliance
 w - a potion of mutation


   Skills:
 - Level 5.1 Fighting
 * Level 7.5(7.7) Axes
 - Level 2.8(5.5) Polearms
 + Level 6.4 Armour
 + Level 6.4 Shields


You had 8 spell levels left.
You didn't know any spells.
Your spell library contained the following spells:

 Spells                   Type           Power      Damage    Failure   Level
 Apportation              Tloc           0%         N/A       97%         1
 Pain                     Necr           0%         1d4       97%         1
 Sting                    Tmut/Pois      0%         1d3       97%         1
 Poisonous Vapours        Pois/Air       0%         N/A       99%         2
 Vampiric Draining        Necr           0%         2d6       100%        3
 Anguish                  Hex/Necr       0%         N/A       100%        4
 Olgreb's Toxic Radiance  Pois           0%         N/A       100%        4
 Enfeeble                 Hex            0%         N/A       100%        7
 Animate Skeleton         Necr           Unusable   N/A       N/A         1
 Summon Small Mammal      Summ           Unusable   N/A       N/A         1
 Call Canine Familiar     Summ           Unusable   N/A       N/A         3
 Summon Guardian Golem    Hex/Summ       Unusable   N/A       N/A         3
 Tukima's Dance           Hex            Unusable   N/A       N/A         3

Dungeon Overview and Level Annotations

Branches:
Dungeon (8/15)             Temple (1/1) D:6
   Lair: D:8-11

Altars:
Cheibriados
Dithmenos
Elyvilon
Fedhas
Gozag
Hepliaklqana
Makhleb
Nemelex Xobeh
Okawaru
Sif Muna
Uskayaw
Xom
Yredelemnul
Beogh

Shops:
D:1 :   D:6 ?

Annotations:
D:2 1 runed translucent door, Crazy Yiuf
D:3 Sigmund
D:8 Erica


Innate Abilities, Weirdness & Mutations

You have a somewhat thin skeletal structure. (Dex +2, Stealth+)
You regenerate magic rapidly.
You have a tail ending in a sharp stinger.
You occasionally shout uncontrollably at your foes.
Your muscles are strong. (Str +2)


Message History

You hear some strange, mumbled words.
A lance of force appears from out of thin air!
The lance of force misses you.
You bump into the rock wall.
You bump into the rock wall.
You feel less confused. Something hits you but does no damage.
You hit something. You burn something.
Your tail-slap misses something.
Something completely misses you.
You miss something.
You hear some strange, mumbled words.
A bolt of poison appears from out of thin air!
The bolt of poison hits you!!!
You are poisoned.
Ouch! That really hurt!
You closely miss something.
You feel very sick. Something hits you. Something burns you.
You miss something.
You feel sick. Something hits you but does no damage.
You miss something. You tail-slap something.
You feel sick. Something hits you but does no damage.
You hit something. You burn something.
You feel sick.
You hear some strange, mumbled words.
Something tries to affect you, but you resist.
You block something's attack.
You slash something! You burn something.
Your tail-slap misses something.
You feel sick. Something hits you!
* * * LOW HITPOINT WARNING * * *
Something burns you.
* * * LOW HITPOINT WARNING * * *
You feel better. Something hits you!
* * * LOW HITPOINT WARNING * * *
Something burns you.
* * * LOW HITPOINT WARNING * * *
You hit something. You burn something. Something hits you.
* * * LOW HITPOINT WARNING * * *
Something burns you.
* * * LOW HITPOINT WARNING * * *
You barely miss something. Something hits you!
You die...

####..#####..#..
###......#..##..###
#........#.........
##............##!..<
#......[......##..##
##....#...........##
##...##....)...####
#...........#.##..
##@................
#.{....############
#.....## #..#.##
#..### ..... .......
#....... ##......#


There were no monsters in sight!

Vanquished Creatures
  A two-headed ogre (D:7)
  Joseph (D:8)
  The ghost of cayde69 the Skirmisher, a novice HOFi of Beogh (D:4)
  Menkaure (D:7)
  Duvessa (D:4)
  An ice beast (D:7)
  2 black bears
  A necrophage (D:6)
  An ogre (D:5)
  A bullfrog (D:7)
  A scorpion (D:5)
  A water moccasin zombie (D:5)
  Dowan (D:4)
  3 howler monkeys (D:7)
  A jelly (D:5)
  3 orc priests
  2 bullfrog skeletons
  4 hounds
  Natasha (thrice) (D:2)
  3 iguanas (D:6)
  A killer bee zombie (D:7)
  2 gnolls (D:2)
  5 adders
  2 white imps
  2 dart slugs (D:4)
  12 orcs
  7 ball pythons
  5 endoplasms
  3 giant cockroaches
  5 goblins
  3 hobgoblins
  7 jackals
  6 quokkas (D:2)
  A bat (D:2)
  5 frilled lizards
  A kobold (D:3)
  5 rats
105 creatures vanquished.

Vanquished Creatures (others)
  50 plants (D:2)
50 creatures vanquished.

Grand Total: 155 creatures vanquished

Notes
Turn   | Place    | Note
-------+----------+-------------------------------------------
     0 | D:1      | crazypyro the Demonspawn Fighter began the quest for the
                  | Orb.
     0 | D:1      | Reached XP level 1. HP: 18/18 MP: 1/1
   166 | D:1      | Gained mutation: You have a small tail. [demonic ancestry]
   166 | D:1      | Reached XP level 2. HP: 24/24 MP: 2/2
   312 | D:1      | Found a faded altar of an unknown god.
   488 | D:1      | Found Yzyimoxi's Book Shoppe.
  1035 | D:2      | Noticed Natasha
  1042 | D:2      | Noticed a crimson imp
  1045 | D:2      | Killed Natasha
  1046 | D:2      | Reached XP level 3. HP: 22/29 MP: 3/3
  1052 | D:2      | Noticed Natasha
  1086 | D:2      | Killed Natasha
  1087 | D:2      | Gained mutation: You regenerate magic rapidly. [demonic
                  | ancestry]
  1087 | D:2      | Reached XP level 4. HP: 16/35 MP: 4/4
  1343 | D:2      | Noticed Natasha
  1354 | D:2      | Killed Natasha
  1857 | D:2      | Reached XP level 5. HP: 38/42 MP: 5/5
  1983 | D:2      | Found a runed translucent door.
  1984 | D:2      | Noticed Crazy Yiuf
  2336 | D:3      | Noticed Sigmund
  2574 | D:4      | Reached skill level 1 in Axes
  2722 | D:4      | Noticed a black bear
  2728 | D:4      | Killed a black bear
  2729 | D:4      | Reached XP level 6. HP: 43/48 MP: 6/6
  2818 | D:4      | Noticed Duvessa
  2818 | D:4      | Noticed Dowan
  2838 | D:4      | Killed Duvessa
  2839 | D:4      | Reached skill level 2 in Axes
  2841 | D:4      | Killed Dowan
  3142 | D:4      | Found a runed translucent gate.
  3142 | D:4      | Noticed cayde69's ghost (novice HOFi)
  3143 | D:4      | Found a runed translucent gate.
  3144 | D:4      | Found a runed translucent gate.
  3152 | D:4      | Identified the +4 hand axe "Eleaz" {holy, rC+ rN+ Will-}
  3518 | D:5      | Entered Level 5 of the Dungeon
  3546 | D:5      | Gained mutation: You have a somewhat thin skeletal
                  | structure. (Dex +2, Stealth+) [demonic ancestry]
  3546 | D:5      | Reached XP level 7. HP: 42/55 MP: 7/7
  3670 | D:5      | Reached skill level 3 in Axes
  4187 | D:5      | Found a hazy altar of Hepliaklqana.
  4188 | D:5      | Found a shimmering altar of Xom.
  4189 | D:5      | Noticed a spectral ugly thing
  4606 | D:6      | Reached skill level 5 in Fighting
  4606 | D:6      | Reached skill level 4 in Axes
  4810 | D:6      | Found a staircase to the Ecumenical Temple.
  4833 | D:6      | Gained mutation: You have a tail ending in a sharp stinger.
                  | [demonic ancestry]
  4833 | D:6      | Reached XP level 8. HP: 62/62 MP: 8/8
  4857 | Temple   | Entered the Ecumenical Temple
  5035 | Temple   | Became a worshipper of Warmaster Okawaru
  5306 | D:6      | Found Feptuxt's Magic Scroll Emporium.
  5314 | D:6      | Bought a scroll of identify for 26 gold pieces
  5314 | D:6      | Bought a scroll of identify for 26 gold pieces
  5411 | D:6      | Gained mutation: Your muscles are strong. (Str +2) [potion
                  | of mutation]
  5411 | D:6      | Gained mutation: You have hidden genetic defects. [potion
                  | of mutation]
  5411 | D:6      | Gained mutation: Your muscles are very strong. (Str +4)
                  | [potion of mutation]
  5845 | D:4      | Killed cayde69's ghost
  5846 | D:4      | Reached skill level 5 in Axes
  5846 | D:4      | Reached skill level 5 in Armour
  5846 | D:4      | Reached skill level 5 in Shields
  5866 | D:4      | Gained mutation: You occasionally shout uncontrollably at
                  | your foes. [hidden defects]
  6308 | D:7      | Noticed Menkaure
  6316 | D:7      | Killed Menkaure
  6469 | D:7      | Reached * piety under Okawaru
  6470 | D:7      | Reached skill level 6 in Axes
  6483 | D:7      | Lost mutation: Your muscles are very strong. (Str +4)
                  | [hidden defects]
  6483 | D:7      | Lost mutation: You have hidden genetic defects. [hidden
                  | defects expressed]
  7185 | D:7      | Noticed a two-headed ogre
  7195 | D:7      | Killed a two-headed ogre
  7195 | D:7      | Reached ** piety under Okawaru
  7196 | D:7      | Reached skill level 7 in Axes
  7196 | D:7      | Reached XP level 9. HP: 22/68 MP: 7/9
  7487 | D:8      | Noticed Joseph
  7500 | D:8      | Killed Joseph
  7618 | D:8      | Noticed Erica
  7641 | D:8      | Slain by Erica

Illustrated notes

Levels and vault maps discovered:
D:1:      lemuel_arrival_lava_pool, layout_basic, serial_shops,
          nicolae_diamond_shop, hellmonk_ecumenical_altar_slurped_away,
          minmay_misc_feat_ornament
D:2:      wad_woods_tower, layout_basic, uniq_natasha, uniq_crazy_yiuf_cottage
D:3:      layout_basic, serial_shops, nicolae_square_shop, uniq_sigmund
D:4:      layout_gridville, biasface_ghost_orc_armoury, uniq_duvessa
D:5:      layout_cave_pools, regret_index_temple_of_mockery
D:6:      layout_basic, temple_pool_b, serial_shops, nicolae_diamond_shop,
          amcnicky_mini_pool_small
D:7:      layout_basic, nicolae_ossuary_entry_plus, uniq_menkaure
D:8:      kennysheep_six_static_rooms, layout_cave_pools, lemuel_doored_altar,
          nicolae_overflow_hidden_temple, uniq_erica, uniq_joseph
Temple:   regret_index_temple_generic_petals

Skill      XL: |  1  2  3  4  5  6  7  8 |
---------------+-------------------------+-----
Polearms       | 2 |  2.8
Armour         | 3 4 6 |  6.4
Shields        | 3 4 6 |  6.4
Fighting       | 4 5 |  5.1
Axes           | 1 2 4 7 |  7.5

Action                   |  1- 3 |  4- 6 |  7- 9 || total
-------------------------+-------+-------+-------++-------
Melee: Trident           |    57 |    70 |       ||   127
       Tailslap          |     4 |    13 |    17 ||    34
       War axe           |       |    46 |   122 ||   168
Invok: Heroism           |       |       |     1 ||     1
  Use: Scroll            |       |     2 |     6 ||     8
       Potion            |       |     1 |     8 ||     9
Armor: Scale mail        |    12 |       |       ||    12
       Chain mail        |       |    58 |    49 ||   107
Dodge: Dodged            |    13 |    28 |    39 ||    80
Block: Buckler           |     8 |    23 |    28 ||    59
